 Dungeon Crawl Stone Soup version 0.31-a0-986-g5e6e4ef867 (webtiles) character file.

Game seed: 6949686660244722057

10441 sircluck the Grappler (level 11, -1/101 HPs)
             Began as a Troll Berserker on Nov 18, 2023.
             Was a High Priest of Trog.
             Slain by a vampire (2 damage)
             ... on level 13 of the Dungeon.
             The game lasted 00:14:28 (10094 turns).

sircluck the Grappler (Troll Berserker)            Turns: 10094, Time: 00:14:29

Health: -1/101     AC:  5    Str: 30    XL:     11   Next: 36%
Magic:  8/8        EV: 11    Int:  2    God:    Trog [*****.]
Gold:   570        SH: 14    Dex: 13    Spells: 10/10 levels left

rFire   + .          .
                       - Unarmed
rCold   x . .        J - +0 kite shield
rNeg    + . .        M - +0 troll leather armour
rPois   .            C - +0 hat
rElec   .            (no cloak)
rCorr   .            (gloves unavailable)
SInv    .            (boots unavailable)
Will    .....        p - amulet of reflection
Stlth   +            g - ring of fire
HPRegen 1.96/turn    n - ring of positive energy
MPRegen 0.11/turn

%: reflection
@: no status effects
A: large, unfitting armour, claws 3, regeneration 1, shaggy fur 1, tough skin 1,
beak, agile 1, low MP 1
a: Renounce Religion, Berserk, Trog's Hand, Brothers in Arms


You were on level 13 of the Dungeon.
You worshipped Trog.
Trog was extremely pleased with you.
You visited 1 branch of the dungeon, and saw 11 of its levels.
You also visited: Ossuary.

You collected 570 gold pieces.

Inventory:

Missiles
 l - a throwing net
 A - 5 poisoned darts
 K - 27 stones
 Q - 4 large rocks
Armour
 a - a +1 animal skin
 C - a +0 hat (worn)
 H - +0 steam dragon scales
 J - a +0 kite shield (worn)
 M - a +0 troll leather armour (worn)
Jewellery
 g - a ring of fire (left claw)
 n - a ring of positive energy (right claw)
 p - an amulet of reflection (around neck)
 t - an amulet of the acrobat
 F - a ring of willpower
 I - an amulet of magic regeneration
Wands
 d - a wand of charming (6)
 x - a wand of flame (20)
 y - a wand of polymorph (23)
 E - a wand of acid (8)
 O - a wand of iceblast (4)
Scrolls
 b - a scroll of vulnerability
 e - 7 scrolls of noise
 h - 2 scrolls of enchant weapon
 i - 2 scrolls of amnesia
 o - 3 scrolls of poison
 u - a scroll of fear
 v - 2 scrolls of teleportation
 w - a scroll of enchant armour
 z - 2 scrolls of silence
 B - a scroll of fog {unknown}
 D - a scroll of immolation {unknown}
 L - a scroll of revelation {unknown}
 N - 3 scrolls of identify
Potions
 c - a potion of resistance {unknown}
 f - a potion of invisibility {unknown}
 j - 2 potions of brilliance {unknown}
 k - a potion of cancellation
 m - a potion of ambrosia {unknown}
 q - a potion of lignification
 r - 4 potions of degeneration
 s - 2 potions of heal wounds {unknown}
 G - 2 potions of haste {unknown}
 P - a potion of might {unknown}


   Skills:
 + Level 4.8 Fighting
 * Level 5.6 Armour
 + Level 6.6 Dodging
 - Level 0.1 Stealth
 + Level 6.0 Shields
 + Level 12.7 Unarmed Combat


You had 10 spell levels left.
You didn't know any spells.
Your spell library was empty.

Dungeon Overview and Level Annotations

Branches:
Dungeon (10/15)            Temple (0/1) D:5            Lair (0/5) D:10
Ossuary (visited)
    Orc: D:9-12

Altars:
Cheibriados
Dithmenos
Elyvilon
Fedhas
Gozag
Kikubaaqudgha
Nemelex Xobeh
Okawaru
Qazlal
Trog
Uskayaw
Vehumet
Yredelemnul
Zin

Shops:
D:5 ?   D:13 =


Innate Abilities, Weirdness & Mutations

You are too large for most types of armour.
You have claws for hands.
Your natural rate of healing is unusually fast.
You are covered in fur. (AC +1)
You have tough skin. (AC +1)
You have a beak for a mouth.
You are agile. (Dex +4, Str/Int -1)
Your magical capacity is low. (-10% MP)


Message History

Unknown command.
Your ogre goes berserk!
The centaur warrior shoots an arrow.
The arrow misses you.
Your ogre barely misses something.
The centaur warrior shoots an arrow.
You block the arrow with an invisible shield... and reflect it back!
The arrow barely misses the centaur warrior.
The arrow hits the skeletal warrior!
A necromancer comes into view. It is wielding a +0 dagger.
The deep troll earth mage gestures next to you while chanting.
The metal wall shatters!
The blast of metal fragments hits you!!!
The blast of metal fragments hits your ogre!!
A manticore comes into view.
You hear a horrible gurgling sound!
You fail to use your ability.
The centaur warrior unwields a +0 orcbow.
The centaur warrior completely misses your ogre.
The centaur warrior kicks your ogre.
Your ogre hits the centaur warrior with a +0 giant club.
The centaur warrior hits your ogre! The centaur warrior kicks your ogre.
Something barely misses you. Something bites you!
* * * LOW HITPOINT WARNING * * *
Something draws strength from your injuries!
The boulder beetle curls into a ball and begins rolling!
The deep troll earth mage bites your ogre!
Your ogre dies!
Your ogre's corpse disappears in a puff of smoke!
Unknown command.
You miss something.
Your ogre hits the deep troll earth mage with a +0 giant club!!!
The centaur warrior wields a +0 shortbow.
The centaur warrior shoots an arrow.
The arrow hits your ogre!!
You hear a bellow!
The centaur warrior unwields a +0 shortbow.
The centaur warrior hits your ogre. The centaur warrior kicks your ogre.
The deep troll earth mage gestures next to you while chanting.
The metal wall shatters!
The blast of metal fragments hits you!!
* * * LOW HITPOINT WARNING * * *
Something hits you.
You die...

##################
#....)............
#....##.....#####.
#..Oc.#ยงยง...# #.
#.{cTH##...## ##
#@#....##.## #
#.###zB.### #..
#Hp.. #... #...
#.... .. #....#
#...## #.###


You could see 2 centaur warriors, a manticore, a deep troll earth mage
(distracted, ally target) and a friendly ogre (summoned, berserk).

Vanquished Creatures
  A wolf spider (D:13)
  A cyclops (D:13)
  A gargoyle (D:10)
  2 komodo dragons
  2 kobold demonologists
  A wind drake (shapeshifter) (D:13)
  2 trolls
  A hornet (D:8)
  A shadow (D:10)
  3 yaks (D:9)
  3 wyverns
  2 humans (D:10)
  A steam dragon (D:8)
  The ghost of sammy202020 the Insei, an amateur DsSh (D:5)
  Menkaure (D:7)
  3 water moccasins
  Duvessa (D:5)
  2 orc warriors (D:9)
  2 black bears
  2 ice beasts
  3 centaurs
  2 ogres
  5 phantoms
  2 elf zombies (Ossuary)
  5 bullfrogs
  2 scorpions
  2 gnoll sergeants (D:8)
  17 wights
  Dowan (D:5)
  3 killer bees (D:10)
  6 howler monkeys (D:9)
  A human zombie (Ossuary)
  2 jellies
  4 orc priests
  2 gnoll boudas (D:8)
  4 hounds
  2 sleepcaps (D:5)
  An iguana (D:6)
  7 orc wizards
  Natasha (twice) (D:3)
  The ghost of gdog the Covert, a weakling GnDe (D:5)
  2 mummies (Ossuary)
  8 gnolls
  4 adders
  4 shadow imps
  A white imp (D:5)
  2 adder zombies (Ossuary)
  2 worms
  4 dart slugs
  28 orcs
  5 bats
  8 endoplasms
  3 giant cockroaches
  8 goblins
  8 hobgoblins
  5 jackals
  5 quokkas
  5 ball pythons
  2 frilled lizards
  13 hobgoblin zombies (Ossuary)
  3 jackal zombies (Ossuary)
  4 kobolds
  6 kobold zombies (Ossuary)
  8 orc zombies (Ossuary)
  6 rats
  2 rat zombies (Ossuary)
253 creatures vanquished.

Vanquished Creatures (collateral kills)
  A fire crab (shapeshifter) (D:13)
  A gargoyle (D:13)
  A vampire (D:13)
  4 gnoll sergeants (D:8)
7 creatures vanquished.

Grand Total: 260 creatures vanquished

Notes
Turn   | Place    | Note
-------+----------+-------------------------------------------
     0 | D:1      | sircluck the Troll Berserker began the quest for the Orb.
     0 | D:1      | Reached XP level 1. HP: 22/22 MP: 0/0
   152 | D:1      | Reached XP level 2. HP: 29/29 MP: 1/1
   425 | D:1      | Reached ** piety under Trog
   750 | D:2      | Reached XP level 3. HP: 36/36 MP: 2/2
  1212 | D:3      | Reached skill level 4 in Unarmed Combat
  1214 | D:3      | Reached XP level 4. HP: 44/44 MP: 3/3
  1265 | D:3      | Noticed Natasha
  1266 | D:3      | Found a snail-covered altar of Cheibriados.
  1276 | D:3      | Killed Natasha
  1413 | D:3      | Reached *** piety under Trog
  1594 | D:3      | Noticed Natasha
  1599 | D:3      | Killed Natasha
  1600 | D:3      | Reached XP level 5. HP: 49/53 MP: 4/4
  1667 | D:3      | Found a glowing silver altar of Zin.
  1957 | D:4      | Noticed a phantom
  1964 | D:4      | Killed a phantom
  1965 | D:4      | Reached skill level 5 in Unarmed Combat
  1985 | D:5      | Entered Level 5 of the Dungeon
  1985 | D:5      | Found a sand-covered staircase.
  1987 | D:5      | Noticed an ogre
  1990 | Ossuary  | Entered an ossuary
  2198 | Ossuary  | Reached XP level 6. HP: 61/61 MP: 5/5
  2213 | Ossuary  | Reached **** piety under Trog
  2242 | Ossuary  | Reached skill level 6 in Unarmed Combat
  2292 | D:5      | Noticed a water moccasin
  2294 | D:5      | Reached XP level 7. HP: 41/67 MP: 6/6
  2311 | D:4      | Reached skill level 1 in Shields
  2311 | D:4      | Reached skill level 7 in Unarmed Combat
  2462 | D:4      | Noticed a +0 dagger
  2465 | D:4      | Noticed a +0 hand axe
  2467 | D:4      | Found a hide-covered altar of Uskayaw.
  2568 | D:4      | Reached XP level 8. HP: 70/76 MP: 7/7
  3043 | D:5      | Reached skill level 8 in Unarmed Combat
  3087 | D:5      | Found a staircase to the Ecumenical Temple.
  3134 | D:5      | Noticed Duvessa
  3135 | D:5      | Noticed Dowan
  3148 | D:5      | Killed Duvessa
  3149 | D:5      | Reached skill level 1 in Armour
  3344 | D:5      | Killed Dowan
  3527 | D:5      | Found Vuvaigh's Magic Scroll Shop.
  3722 | D:5      | Found a runed translucent gate.
  3723 | D:5      | Found a runed translucent gate.
  3724 | D:5      | Found a runed translucent gate.
  3725 | D:5      | Noticed gdog's ghost (weakling GnDe)
  3725 | D:5      | Noticed sammy202020's ghost (amateur DsSh)
  3944 | D:5      | Killed sammy202020's ghost
  3951 | D:5      | Killed gdog's ghost
  3952 | D:5      | Reached skill level 9 in Unarmed Combat
  3996 | D:7      | Identified the of Ytis
  4021 | D:7      | Reached ***** piety under Trog
  4160 | D:6      | Reached XP level 9. HP: 53/84 MP: 8/8
  4263 | D:6      | Found an ancient bone altar of Kikubaaqudgha.
  4377 | D:6      | Reached skill level 5 in Dodging
  4480 | D:6      | Reached skill level 10 in Unarmed Combat
  4929 | D:7      | Found a bloodstained altar of Trog.
  4958 | D:7      | Noticed Menkaure
  4963 | D:7      | Killed Menkaure
  5024 | D:7      | Found a blossoming altar of Fedhas.
  7010 | D:6      | Found a shadowy altar of Dithmenos.
  7173 | D:8      | Found a white marble altar of Elyvilon.
  7275 | D:8      | Found a basalt altar of Yredelemnul.
  7516 | D:8      | Found a large runed translucent door.
  7533 | D:8      | Reached skill level 11 in Unarmed Combat
  7552 | D:8      | Found a large runed translucent door.
  7563 | D:8      | Reached XP level 10. HP: 94/94 MP: 9/9
  7565 | D:8      | Found a stormy altar of Qazlal.
  7568 | D:8      | Found a sparkling altar of Nemelex Xobeh.
  7585 | D:8      | Found an opulent altar of Gozag.
  7832 | D:8      | Found the +5 woodcutter's axe
  8389 | D:10     | Entered Level 10 of the Dungeon
  8536 | D:9      | Identified the +10 whip "Fubrion" {heavy, *Rage Dex+5}
  8952 | D:9      | Reached skill level 12 in Unarmed Combat
  8983 | D:9      | Reached skill level 5 in Shields
  9042 | D:10     | Reached skill level 5 in Armour
  9091 | D:10     | Found a radiant altar of Vehumet.
  9100 | D:10     | Received a gift from Trog
  9193 | D:10     | Gained mutation: Your spells are a little harder to cast,
                  | but a little more powerful. [potion of mutation]
  9194 | D:10     | Lost mutation: Your spells are a little harder to cast, but
                  | a little more powerful. [potion of mutation]
  9194 | D:10     | Gained mutation: Your magical capacity is low. (-10% MP)
                  | [potion of mutation]
  9194 | D:10     | Gained mutation: You have a beak for a mouth. [potion of
                  | mutation]
  9194 | D:10     | Gained mutation: You are agile. (Dex +4, Str/Int -1)
                  | [potion of mutation]
  9323 | D:10     | Found a staircase to the Lair.
  9350 | D:10     | Reached XP level 11. HP: 88/101 MP: 8/8
  9512 | D:10     | Found an iron altar of Okawaru.
  9818 | D:10     | You fall into a shaft and drop 3 floors!
  9818 | D:12     | Identified the "Xaggyjegg"
  9818 | D:12     | Identified the of Hoifilaa
  9820 | D:13     | Noticed a fire crab
  9828 | D:13     | Killed a fire crab
  9875 | D:13     | Found Fafadai's Jewellery Boutique.
 10069 | D:13     | Noticed a wolf spider
 10074 | D:13     | Killed a wolf spider
 10080 | D:13     | Noticed a soul eater
 10085 | D:13     | Noticed a centaur warrior
 10085 | D:13     | Noticed a deep troll earth mage
 10087 | D:13     | Noticed a skeletal warrior
 10088 | D:13     | Noticed a centaur warrior
 10089 | D:13     | Noticed a boulder beetle
 10091 | D:13     | Noticed a necromancer
 10094 | D:13     | HP: 1/101 [deep troll earth mage/blast of metal fragments
                  | (32)]
 10094 | D:13     | Slain by a vampire

Illustrated notes

Levels and vault maps discovered:
D:1:      tarquinn_simple_flora_water_b, layout_loops_ring,
          nicolae_concentric_dashed_squares_mild, minmay_pentomino_p2
D:2:      layout_rooms
D:3:      layout_basic, nicolae_overflow_crystal_walls, kennysheep_slug_shrine,
          minmay_diced_spiral, uniq_natasha
D:4:      layout_gridville, dancing_weapons_uskayaw
D:5:      layout_gridville, minmay_temple_entry_tees, serial_shops,
          shop_scrolls, enter_ossuary_1, serial_glass, glass_columns_a,
          glass_columns_a, gammafunk_ghost_cemetery, uniq_duvessa
D:6:      layout_loops_ring, kennysheep_mini_moat, kiku_gazebo_garden_becter,
          minmay_statues_item
D:7:      layout_rooms, trog_book, mainiacjoe_overflow_concentric_impassable,
          minivault_4, uniq_menkaure
D:8:      layout_basic, overflow_temple_1_default,
          nicolae_elyvilon_peaceful_grove, jmf_multi_god_temple2,
          grunt_gozag_statues, minmay_misc_feat_more_columns,
          minmay_splitting_lines, pf_guarded_unrand_woodcutter
D:9:      layout_roguey
D:10:     layout_long_grid, nicolae_vehumet_radiance, okawaru_humans,
          dpeg_oklobed_lair
D:13:     minmay_connected_boxes_in_corner, layout_loops_corners,
          hangedman_vaults_entry_quadrant_bands, serial_shops, shop

Skill      XL: |  1  2  3  4  5  6  7  8  9 10 11 |
---------------+----------------------------------+-----
Unarmed Combat | 4 5 6 7 9 11 12 | 12.7
Dodging        | 3 4 5 6 |  6.6
Fighting       | 3 4 |  4.8
Shields        | 1 2 3 5 6 |  6.0
Armour         | 2 3 5 |  5.6
Stealth        | |  0.1

Action                     |  1- 3 |  4- 6 |  7- 9 | 10-12 || total
---------------------------+-------+-------+-------+-------++-------
  Melee: Unarmed           |    72 |   160 |   288 |   221 ||   741
         Punch             |       |     3 |    15 |     1 ||    19
         Peck              |       |       |       |     9 ||     9
 Invoke: Brothers in Arms  |       |       |       |     4 ||     4
    Use: Scroll            |       |     3 |       |     8 ||    11
         Potion            |       |       |       |     4 ||     4
 Armour: Animal skin       |    33 |    84 |   174 |       ||   291
         Steam dragon scal |       |       |    12 |   121 ||   133
         Troll leather arm |       |       |       |    22 ||    22
  Dodge: Dodged            |    30 |    60 |   121 |    75 ||   286
  Block: Other             |       |    22 |    62 |     6 ||    90
         Reflection        |       |       |     4 |     8 ||    12
         Kite shield       |       |       |       |   153 ||   153

Table legend: (Time is in decaauts)
 A = Elapsed time spent in this place.
 B = Non-inter-level travel time spent in this place.
 C = Inter-level travel time spent in this place.
 D = Time resting spent in this place.
 E = Time spent auto-exploring this place.
 F = Levels seen in this place.
 G = Mean time per level.
                   A        B        C        D        E       F      G
               +--------+--------+--------+--------+--------+-----+--------+
         Total |  10020 |   9432 |    588 |   2016 |   5495 |  12 |  835.0 |
       Dungeon |   9734 |   9146 |    588 |   2016 |   5438 |  11 |  884.9 |
       Ossuary |    286 |    286 |      0 |      0 |     57 |   1 |  286.0 |
               +--------+--------+--------+--------+--------+-----+--------+

Top non-repeatable levels by time:
     D:7: 2340 daAuts
     D:8: 949 daAuts
     D:4: 929 daAuts
     D:9: 903 daAuts
     D:6: 813 daAuts
    D:10: 795 daAuts
     D:5: 774 daAuts
     D:3: 768 daAuts
     D:1: 730 daAuts
     D:2: 456 daAuts
 Ossuary: 286 daAuts
    D:13: 271 daAuts
